 Dungeon Crawl Stone Soup version 0.31-a0-233-g139696dc86 (webtiles) character file.

Game seed: 18381599259827383834

249 inkblots the Conjurer (level 6, -7/38 HPs)
             Began as an Octopode Conjurer on July 9, 2023.
             Mangled by a gnoll sergeant
             ... wielding a +0 spear
              (11 damage)
             ... on level 6 of the Dungeon.
             The game lasted 00:16:24 (779 turns).

inkblots the Conjurer (Octopode Conjurer)            Turns: 779, Time: 00:16:25

Health: -7/38      AC:  1    Str:  7    XL:     6   Next: 12%
Magic:  6/9        EV: 13    Int: 22    God:
Gold:   76         SH:  0    Dex: 10    Spells: 9/10 levels left

rFire   . . .        f - +0 short sword (venom)
rCold   . . .        (no shield)
rNeg    . . .        (helmet restricted)
rPois   .            (no amulet)
rElec   .            (no ring)
rCorr   .            (no ring)
SInv    .            (no ring)
Will    .....        (no ring)
Stlth   +++          (no ring)
HPRegen 0.26/turn    (no ring)
MPRegen 0.11/turn    (no ring)
                     (no ring)

%: no passive effects
@: attractive
A: almost no armour, amphibious, 8 rings, camouflage 1, gelatinous body 1,
(nimble swimmer 1), tentacles
a: no special abilities


You were on level 6 of the Dungeon.
You visited 1 branch of the dungeon, and saw 5 of its levels.

You collected 76 gold pieces.

Inventory:

Hand Weapons
 b - a +0 dagger
 f - a +0 short sword of venom (weapon)
Missiles
 c - 3 atropa-tipped darts
 g - 7 stones
Potions
 a - a potion of magic
 e - 2 potions of brilliance {unknown}


   Skills:
 * Level 1.1 Fighting
 * Level 1.1 Short Blades
 * Level 2.5 Dodging
 + Level 3.0 Stealth
 * Level 1.4 Unarmed Combat
 * Level 2.5 Spellcasting
 * Level 6.0 Conjurations


You had 9 spell levels left.
You knew the following spells:

 Your Spells              Type           Power      Damage    Failure   Level
a - Magic Dart            Conj           100%       1d8       1%          1

Your spell library contained the following spells:

 Spells                   Type           Power      Damage    Failure   Level
 Searing Ray              Conj           58%        2d6       1%          2
 Static Discharge         Conj/Air       32%        2-4/arc   6%          2
 Dazzling Flash           Conj/Hex       32%        N/A       12%         3
 Sublimation of Blood     Necr           2%         N/A       21%         2
 Wereblood                Tmut           2%         N/A       21%         2
 Fulminant Prism          Conj/Hex       8%         3d7       36%         4
 Iskenderun's Mystic Bla  Conj/Tloc      16%        2d5       36%         4
 Airstrike                Air            1%         2d(1-17)  78%         4
 Summon Lightning Spire   Summ/Air       2%         N/A       78%         4
 Summon Hydra             Summ           1%         N/A       100%        7


Dungeon Overview and Level Annotations

Branches:
Dungeon (4/15)
 Temple: D:4-7

Altars:

Annotations:
D:4 Blork the orc


Innate Abilities, Weirdness & Mutations

You cannot wear most types of armour.
You are amphibious.
You can wear up to eight rings at the same time.
Your skin changes colour to match your surroundings (Stealth+).
Your rubbery body absorbs attacks. (AC +1, EV +1)
((You are camouflaged when in or above water. (Stealth+)))
You have tentacles for arms and can constrict up to eight enemies at once.


Message History

The magic dart hits the gnoll.
You kill the gnoll!
A gnoll sergeant comes into view. It is wielding a +0 spear.
Casting: Magic Dart (safe; 1% risk of failure)
Confirm with . or Enter, or press ? or * to list all spells.
Aiming: Magic Dart (safe; 1% risk of failure)
Press: ? - help, Shift-Dir - straight line You struggle against the net.
You struggle against the net.
You rip the net and break free!
The gnoll misses you.
You hit the gnoll.
The gnoll is poisoned.
Your grab misses the gnoll.
The gnoll is lightly wounded.
You barely miss the gnoll. You grab the gnoll.
The gnoll is lightly wounded.
You constrict the gnoll, but do no damage.
The gnoll hits you with a +0 club.
A gnoll comes into view. It is wielding a +0 club.
The gnoll shouts!
You hit the gnoll but do no damage.
The gnoll looks as sick as possible!
The gnoll is moderately wounded.
You constrict the gnoll. The gnoll hits you with a +0 club.
The gnoll sergeant hits you from afar with a +0 spear!
The gnoll closely misses you.
Really quaff the potion of attraction? [Y]es or [N]o only, please.
Really quaff the potion of attraction?
You feel attractive to monsters.
You constrict the gnoll.
A gnoll comes into view. It is wielding a +0 halberd.
The gnoll struggles to escape constriction.
The gnoll sergeant barely misses you. The gnoll closely misses you.
The gnoll is attracted toward you. x2
You release your grip on the gnoll.
The gnoll hits you with a +0 club. The gnoll hits you with a +0 halberd!
* * * LOW HITPOINT WARNING * * *
It was a potion of cancellation.
Your magical effects are unravelling.
You feel magically purged. The gnoll barely misses you.
The gnoll sergeant hits you with a +0 spear!
You die...

##..###..# .........#
....... .......[.#
.....§ .....#...# #....#
##...#...# #§...#
.........# #....#
##...##..## #)g..#
##...##..##.###gg..#
##...##..##....g@g.#
...................###.#
##..[##.#######.........
.......................#
##...##########.##.###.#
.....# #.# .# # ###...
... .# ##.## .(..... ..#
##.##.


You could see a gnoll sergeant and 4 gnolls.

Vanquished Creatures
  Grinder (D:3)
  An iguana (D:6)
  2 gnolls
  5 ball pythons
  An endoplasm (D:1)
  A giant cockroach (D:3)
  5 goblins
  3 kobolds
  5 frilled lizards
24 creatures vanquished.

Notes
Turn   | Place    | Note
-------+----------+-------------------------------------------
     0 | D:1      | inkblots the Octopode Conjurer began the quest for the Orb.
     0 | D:1      | Reached XP level 1. HP: 11/11 MP: 3/3
    60 | D:1      | Reached XP level 2. HP: 14/17 MP: 3/5
   393 | D:2      | Identified the +1 leather armour of the Zebra {rN+++ Regen+
                  | Int-4 Dex+2 Slay-4}
   453 | D:2      | Reached XP level 3. HP: 16/21 MP: 4/6
   652 | D:3      | Noticed Grinder
   654 | D:3      | Paralysed by Grinder for 2 turns
   661 | D:3      | Killed Grinder
   662 | D:3      | Reached skill level 1 in Fighting
   662 | D:3      | Reached skill level 1 in Short Blades
   662 | D:3      | Reached skill level 1 in Unarmed Combat
   662 | D:3      | Reached skill level 5 in Conjurations
   662 | D:3      | Reached XP level 4. HP: 25/28 MP: 3/7
   662 | D:3      | Reached XP level 5. HP: 29/33 MP: 3/8
   710 | D:4      | Noticed Blork the orc
   710 | D:4      | You fall into a shaft and drop 2 floors!
   751 | D:6      | Reached skill level 6 in Conjurations
   751 | D:6      | Reached XP level 6. HP: 38/38 MP: 6/9
   779 | D:6      | Mangled by a gnoll sergeant

Illustrated notes

Levels and vault maps discovered:
D:1:      eino_arrival_druids_welcome, layout_loops_ring, chequers_arboretum
D:2:      layout_basic
D:3:      layout_loops_ring, shapermc_ecumenical_altar_gd, serial_shops,
          nicolae_shop_stone, hangedman_decor_diamond_cutter,
          kennysheep_cluttered_room, minmay_misc_feat_doors, uniq_grinder
D:4:      layout_loops_ring, minmay_unequal, uniq_blork_the_orc
D:6:      layout_basic, nicolae_shop_clearance

Skill      XL: |  1  2  3  4  5 |
---------------+----------------+-----
Fighting       | 1 |  1.1
Short Blades   | 1 |  1.1
Stealth        | 3 |  3.0
Unarmed Combat | 1 |  1.4
Conjurations   | 5 6 |  6.0
Dodging        | |  2.5
Spellcasting   | |  2.5

Action                     |  1- 3 |  4- 6 || total
---------------------------+-------+-------++-------
  Melee: Unarmed           |     7 |       ||     7
         Dagger            |    17 |       ||    17
         Constrict         |     7 |     3 ||    10
         Tentacles         |     6 |     1 ||     7
         Short sword       |     8 |     8 ||    16
         Punch             |     1 |       ||     1
   Cast: Magic Dart        |    14 |     9 ||    23
    Use: Scroll            |     3 |       ||     3
         Potion            |       |     2 ||     2
  Dodge: Dodged            |    19 |     8 ||    27

Table legend: (Time is in decaauts)
 A = Elapsed time spent in this place.
 B = Non-inter-level travel time spent in this place.
 C = Inter-level travel time spent in this place.
 D = Time resting spent in this place.
 E = Time spent auto-exploring this place.
 F = Levels seen in this place.
 G = Mean time per level.
                   A        B        C        D        E       F      G
               +--------+--------+--------+--------+--------+-----+--------+
         Total |    776 |    204 |    572 |      0 |     24 |   5 |  155.2 |
       Dungeon |    776 |    204 |    572 |      0 |     24 |   5 |  155.2 |
               +--------+--------+--------+--------+--------+-----+--------+

Top non-repeatable levels by time:
     D:2: 339 daAuts
     D:1: 290 daAuts
     D:6: 68 daAuts
     D:3: 44 daAuts
     D:4: 33 daAuts
